 Dungeon Crawl Stone Soup version 0.21-a0-140-g479285b (webtiles) character file.

65 Ordine the Magician (level 3, 0/19 HPs)
             Began as a Deep Elf Wizard on July 20, 2017.
             Slain by an adder (2 damage)
             ... on level 2 of the Dungeon.
             The game lasted 00:03:40 (1603 turns).

Ordine the Magician (Deep Elf Wizard)               Turns: 1603, Time: 00:03:40

Health: 0/19       AC:  2    Str:  4    XL:     3   Next: 92%
Magic:  0/11       EV: 13    Int: 28    God:
Gold:   72         SH:  0    Dex: 13    Spells: 2/11 levels left

rFire    . . .     SeeInvis .   g - +1 dagger (pain)
rCold    . . .     Gourm    .   (no shield)
rNeg     . . .     Faith    .   a - +0 robe
rPois    .         Spirit   .   b - +0 hat
rElec    .         Reflect  .   (no cloak)
rCorr    +         Harm     .   (no gloves)
MR       .....                  (no boots)
Stlth    ++........             (no amulet)
HPRegen  0.06/turn              i - ring of resist corrosion
MPRegen  0.12/turn              (no ring)

@: brilliant, lethally poisoned (0 -> -15), very slightly contaminated
A: no striking features
a: no special abilities


You were on level 2 of the Dungeon.
You were not hungry.

You visited 1 branch of the dungeon, and saw 2 of its levels.

You collected 72 gold pieces.

Inventory:

Hand Weapons
 g - a +1 dagger of pain (weapon)
Armour
 a - a +0 robe (worn)
 b - a +0 hat (worn)
Jewellery
 i - a ring of resist corrosion (left hand)
Potions
 e - a potion of brilliance
 h - a potion of heal wounds {unknown}
Books
 c - a book of Minor Magic

   Spells                             Type                      Level
   a - Magic Dart                     Conjuration                  1
   b - Blink                          Translocation                2
   c - Call Imp                       Summoning                    2
   d - Slow                           Hexes                        2
   e - Conjure Flame                  Conjuration/Fire             3
   f - Mephitic Cloud                 Conjuration/Poison/Air       3
Comestibles
 d - a bread ration
 f - a royal jelly
 j - 3 chunks of flesh


   Skills:
 + Level 3.2 Dodging
 + Level 3.2 Stealth
 + Level 4.6 Spellcasting
 + Level 2.6 Conjurations
   Level 1.1 Summonings
 + Level 1.4 Translocations
 + Level 0.2 Fire Magic
 + Level 0.2 Air Magic


You had 2 spell levels left.
You knew the following spells:

 Your Spells              Type           Power        Failure   Level  Hunger
a - Magic Dart            Conj           ####         1%          1    None
b - Blink                 Tloc           N/A          1%          2    None
c - Conjure Flame         Conj/Fire      ####....     1%          3    #......
d - Mephitic Cloud        Conj/Pois/Air  ####....     1%          3    #......


Dungeon Overview and Level Annotations

Branches:
Dungeon (2/15)

Altars:


Message History

The adder is severely wounded.
You feel sick. The adder bites you.
* * * LOW HITPOINT WARNING * * *
A kobold comes into view. It is wielding a short sword.
Casting: Magic Dart
Confirm with . or Enter, or press ? or * to list all spells.
Aiming: Magic Dart
Press: ? - help, Shift-Dir - straight line, f/p - adder
Aim: an adder (severely wounded)
The magic dart hits the adder.
The adder is severely wounded.
The kobold shouts!
* * * LOW HITPOINT WARNING * * *
You feel sick.
The kobold throws a stone.
The stone closely misses you. The adder barely misses you.
It was a potion of brilliance.
You feel clever all of a sudden.
* * * LOW HITPOINT WARNING * * *
You feel sick. The adder bites you.
You die...

...........<.........
..K..........####..##
.##.###.####.####..##
.................>...
.##.###.###.#.###...#
.. #.# #.#..##[..#
#####† #.# #.##.##...#
#.....###.###.##.##....
#....S@.......##..#..##
#....!.###.###.###.#..#
....... #.# #.###....##
##.#### ...............
.. .......###...#. .
.............#.
....#######..... ..#
#..... #.#...


You could see an adder and a kobold.

Vanquished Creatures
  2 gnolls
  An adder (D:2)
  2 worms (D:2)
  2 dart slugs (D:1)
  2 giant cockroaches (D:1)
  6 goblins
  A hobgoblin (D:1)
  3 kobolds (D:1)
  5 bats
  2 frilled lizards
  3 rats (D:1)
29 creatures vanquished.

Notes
Turn   | Place    | Note
-------+----------+-------------------------------------------
     0 | D:1      | Ordine the Deep Elf Wizard began the quest for the Orb.
     0 | D:1      | Reached XP level 1. HP: 10/10 MP: 7/7
   295 | D:1      | Reached XP level 2. HP: 15/15 MP: 7/9
   300 | D:1      | Learned a level 2 spell: Blink
  1181 | D:2      | Reached XP level 3. HP: 19/19 MP: 4/11
  1186 | D:2      | Learned a level 3 spell: Conjure Flame
  1190 | D:2      | Learned a level 3 spell: Mephitic Cloud
  1603 | D:2      | Slain by an adder

Vault maps used:
D:1:      evilmike_arrival_hilbert_curve
D:2:      old_standard_altar, lemuel_doored_altar, guppyfry_early_lair_pool

Skill      XL: |  1  2  3 |
---------------+----------+-----
Conjurations   | 2 |  2.6
Stealth        | 3 |  3.2
Dodging        | 3 |  3.2
Spellcasting   | |  4.6
Summonings     | |  1.1
Translocations | |  1.4
Fire Magic     | |  0.2
Air Magic      | |  0.2

Action                   || total
-------------------------++-------
Melee: Unarmed           ||     3
       Dagger            ||    14
 Cast: Magic Dart        ||    88
       Conjure Flame     ||     1
       Mephitic Cloud    ||     1
       Blink             ||     1
  Use: Scroll            ||     1
       Potion            ||     1
  Eat: Chunk             ||     2
Armor: Robe              ||     5
Dodge: Dodged            ||    19
